 Dungeon Crawl Stone Soup version 0.29.0-4-gdea44cf6ec (webtiles) character file.

Game seed: 17765557153418436995

60 qw the Chopper (level 3, -8/31 HPs)
             Began as a Minotaur Fighter on Sept 4, 2022.
             Mangled by a gnoll
             ... wielding a +2 halberd of venom
              (9 damage)
             ... on level 2 of the Dungeon.
             The game lasted 00:00:38 (1499 turns).

qw the Chopper (Minotaur Fighter)                   Turns: 1499, Time: 00:00:39

Health: -8/31      AC:  6    Str: 22    XL:     3   Next: 82%
Magic:  2/2        EV:  9    Int:  5    God:
Gold:   131        SH:  4    Dex:  9    Spells: 2/2 levels left

rFire   . . .      SeeInvis .   Y - +0 war axe
rCold   . . .      Faith    .   c - +0 buckler
rNeg    . . .      Spirit   .   b - +0 scale mail
rPois   .          Reflect  .   (helmet restricted)
rElec   .          Harm     .   h - scarf {repulsion}
rCorr   .          Rampage  .   (no gloves)
Will    .....                   (no boots)
Stlth   ..........              (no amulet)
HPRegen 0.10/turn               (no ring)
MPRegen 0.08/turn               (no ring)

@: lethally poisoned (-8 -> -26), repel missiles
A: horns 2, retaliatory headbutt
a: no special abilities


You were on level 2 of the Dungeon.
You visited 1 branch of the dungeon, and saw 2 of its levels.

You collected 131 gold pieces.


Innate Abilities, Weirdness & Mutations

You have a pair of horns on your head.
You reflexively headbutt those who attack you in melee.


   Skills:
 - Level 3.6 Fighting
 - Level 5.0 Axes
 - Level 3.6 Armour
 + Level 0.5 Dodging
 - Level 3.6 Shields


You had 2 spell levels left.
You didn't know any spells.
Your spell library was empty.

Inventory:

Hand Weapons
 g - a +0 mace
 Y - a +0 war axe (weapon)
Armour
 b - a +0 scale mail (worn)
 c - a +0 buckler (worn)
 h - a scarf of repulsion (worn)
Potions
 a - a potion of berserk rage {unknown}
 d - a potion of might
 e - a potion of degeneration {unknown}
 f - a potion of mutation {unknown}
 i - a potion of curing {unknown}
 k - a potion of resistance {unknown}

Dungeon Overview and Level Annotations

Branches:
Dungeon (2/15)

Altars:
Trog


Message History

You hit the hobgoblin.
The hobgoblin is almost dead.
The hobgoblin hits you but does no damage.
You hit the hobgoblin but do no damage. You headbutt the hobgoblin.
You kill the hobgoblin!
You start resting.
HP restored.
You see here a hobgoblin corpse.
Found a stone staircase leading down.
a - a coppery potion
Found a dagger.
A gnoll and a kobold come into view.
The gnoll is wielding a +2 halberd of venom.
The gnoll shouts!
Enter note:
1489 ||| Stepping ~*~*~tactically~*~*~ (hiding).
1491 ||| Stepping ~*~*~tactically~*~*~ (hiding).
You closely miss the kobold. The kobold hits you but does no damage.
You block the gnoll's attack. The kobold hits you with a +0 dagger.
You slash the kobold!
You kill the kobold!
The gnoll barely misses you.
A gnoll comes into view. It is wielding a +0 whip.
The gnoll shouts!
The gnoll barely misses you.
The gnoll moves out of view.
You see here a +0 dagger.
You barely miss the gnoll. Your headbutt misses the gnoll.
The gnoll hits you with a +2 halberd of venom.
You are poisoned.
You hit the gnoll but do no damage.
You feel very sick.
The gnoll hits you with a +2 halberd of venom!
Ouch! That really hurt!
You are lethally poisoned!
You slash the gnoll!
The gnoll is almost dead.
You feel extremely sick. The gnoll closely misses you.
The gnoll hits you with a +2 halberd of venom!
You die...

#.####### #).#...... . #........
#..#...._. .g##########
#..##..... .......# #..##.....
......# #..#######
..###....######)).......
#.......g.......#.######. ...
###.####.#g.#....[....#... ...
..#.#..#.#@...#.....#.#.# . ..#
#.#.#..#.#....#.........#.. ..#
#.#.#..#.#....#.........#.. ..#
#.#)#.........#.#.......... ..#
#.#.#.##.#.#..#.#.#........
..#####.#...##.#.#........#..#...
......#.....##.#.##.#.#.###..#...
.#.##.#.#.#.##.#.#...........#.#.
.#.##.#........#.#..#.#.####.###.


You could see 2 gnolls.

Vanquished Creatures
  2 adders (D:2)
  A dart slug (D:1)
  An endoplasm (D:1)
  4 giant cockroaches (D:1)
  5 goblins
  5 hobgoblins
  5 kobolds
  2 ball pythons (D:1)
  7 bats
  A frilled lizard (D:1)
  5 rats
38 creatures vanquished.

Vanquished Creatures (others)
  2 plants (D:1)
2 creatures vanquished.

Grand Total: 40 creatures vanquished

Notes
Turn   | Place    | Note
-------+----------+-------------------------------------------
     0 | D:1      | qw the Minotaur Fighter began the quest for the Orb.
     0 | D:1      | Reached XP level 1. HP: 19/19 MP: 0/0
     0 | D:1      | 0 ||| qw: Version: 0.1-a-103-gd6f5d3a
     0 | D:1      | 0 ||| qw: Game counter: 5514
     0 | D:1      | 0 ||| qw: Always use a shield: true
     0 | D:1      | 0 ||| qw: God list: Ru
     0 | D:1      | 0 ||| qw: Allow faded altars: false
     0 | D:1      | 0 ||| qw: Do Orc after D:15 true
     0 | D:1      | 0 ||| qw: Do second Lair branch before Depths: true
     0 | D:1      | 0 ||| qw: Lair rune preference: random
     0 | D:1      | 0 ||| qw: Plans: Normal
     0 | D:1      | 0 ||| PLANNING D:1-11
    98 | D:1      | You fall into a shaft and drop 1 floor!
   155 | D:2      | Reached skill level 3 in Axes
   155 | D:2      | Reached XP level 2. HP: 19/26 MP: 1/1
   286 | D:2      | Found a bloodstained altar of Trog.
   307 | D:2      | 307 ||| DROPPING +0 club.
   492 | D:2      | Reached skill level 4 in Axes
   542 | D:2      | 542 ||| UPGRADING to scarf of repulsion.
   547 | D:2      | 547 ||| DROPPING ring of wizardry.
   578 | D:1      | Found a faded altar of an unknown god.
   602 | D:1      | 602 ||| Stepping ~*~*~tactically~*~*~ (stealth).
   603 | D:1      | 603 ||| Stepping ~*~*~tactically~*~*~ (stealth).
   604 | D:1      | 604 ||| Stepping ~*~*~tactically~*~*~ (stealth).
   770 | D:1      | Reached XP level 3. HP: 31/31 MP: 2/2
  1259 | D:1      | 1259 ||| READING scroll labelled EZXOSANWYU.
  1387 | D:2      | Reached skill level 5 in Axes
  1390 | D:2      | 1390 ||| Stepping ~*~*~tactically~*~*~ (stealth).
  1489 | D:2      | 1489 ||| Stepping ~*~*~tactically~*~*~ (hiding).
  1491 | D:2      | 1491 ||| Stepping ~*~*~tactically~*~*~ (hiding).
  1499 | D:2      | HP: 1/31 [poisoned by a gnoll]
  1499 | D:2      | Mangled by a gnoll

Levels and vault maps discovered:
D:1:      wander_arrival_desolate, layout_basic, ebering_ecumenical_altar_hall,
          serial_bayou_crossing
D:2:      layout_basic, basic_altar

Skill      XL: |  1  2  3 |
---------------+----------+-----
Axes           | 3 4 5 |  5.0
Fighting       | |  3.6
Armour         | |  3.6
Dodging        | |  0.5
Shields        | |  3.6

Action                   || total
-------------------------++-------
Melee: War axe           ||    73
       Headbutt          ||     7
  Use: Scroll            ||     1
Armor: Scale mail        ||    24
Dodge: Dodged            ||    36
       Repelled          ||     1
Block: Buckler           ||    16

Table legend:
 A = Non-vault XP
 B = Vault XP
 C = Vault XP percentage of total XP
 D = Non-vault monster count
 E = Vault monster count
 F = Vault count percentage of total count
                 A         B        C        D         E       F
            +---------+---------+-------+---------+---------+-------
      Total |      87 |       0 |   0.0 |      38 |       0 |   0.0
            +---------+---------+-------+---------+---------+-------
        D:1 |      36 |       0 |   0.0 |      21 |       0 |   0.0
        D:2 |      51 |       0 |   0.0 |      17 |       0 |   0.0
            +---------+---------+-------+---------+---------+-------
